 Dungeon Crawl Stone Soup version 0.25.1-8-g42b30a86e7 (webtiles) character file.

Game seed: 1772732306300311446

71 Clowwww the Skirmisher (level 4, 35/35 HPs)
             Began as a Demonspawn Fighter on Dec 7, 2020.
             Quit the game on level 2 of the Dungeon.
             The game lasted 00:03:46 (1370 turns).

Clowwww the Skirmisher (Demonspawn Fighter)         Turns: 1370, Time: 00:03:46

Health: 35/35      AC:  6    Str: 18    XL:     4   Next: 5%
Magic:  4/4        EV:  7    Int:  9    God:
Gold:   65         SH:  9    Dex: 12    Spells: 3/3 levels left

rFire    . . .     SeeInvis .   a - +0 war axe
rCold    . . .     Gourm    .   c - +0 kite shield
rNeg     . . .     Faith    .   b - +0 scale mail
rPois    .         Spirit   .   (helmet restricted)
rElec    .         Reflect  .   (no cloak)
rCorr    .         Harm     .   (no gloves)
MR       .....                  (no boots)
Stlth    ..........             (no amulet)
HPRegen  0.11/turn              (no ring)
MPRegen  0.09/turn              (no ring)

@: no status effects
A: antennae 1, spiny 2
a: no special abilities


You were on level 2 of the Dungeon.
You were not hungry.

You visited 1 branch of the dungeon, and saw 2 of its levels.

You collected 65 gold pieces.

Inventory:

Hand Weapons
 a - a +0 war axe (weapon)
Armour
 b - a +0 scale mail (worn)
 c - a +0 kite shield (worn)
Jewellery
 e - an uncursed amulet of magic regeneration {unknown}
 l - an uncursed amulet of regeneration {unknown}
Scrolls
 h - 2 scrolls of enchant armour {unknown}
 i - 2 scrolls of blinking {unknown}
 j - a scroll of identify {unknown}
Potions
 d - a potion of might
 k - a potion of brilliance {unknown}
Comestibles
 f - 5 rations
 g - 4 chunks of flesh


   Skills:
 + Level 3.3 Fighting
 + Level 2.5 Axes
 + Level 3.1 Armour
 + Level 0.8 Dodging
 + Level 3.2 Shields


You had 3 spell levels left.
You didn't know any spells.
Your spell library was empty.

Dungeon Overview and Level Annotations

Branches:
Dungeon (2/15)

Altars:


Innate Abilities, Weirdness & Mutations

You have a pair of small antennae on your head.
You are mostly covered in sharp spines.


Message History

Things that are here:
a +0 ring mail; a hobgoblin skeleton Eating one of 5 chunks of flesh.
You eat one of the 5 chunks of flesh.
This raw flesh tastes terrible.
Things that are here:
a +0 ring mail; a hobgoblin skeleton You see here a +0 club.
There is an open door here.
Found a stone staircase leading down.
Found 15 arrows.
You now have 65 gold pieces (gained 12).
You see here 15 arrows.
An adder comes into view.
The adder hisses angrily.
You slash the adder!
You kill the adder!
You have reached level 4!
You feel stronger.
Your demonic ancestry asserts itself...
A pair of antennae grows on your head!
Are you sure you want to abandon this character and quit the game? (Confirm with "yes".)

#...##.#.#####.# ##.##.#
#.#....# .....# ##.....#
##.##.# #......# ##'##
.#.#.....# #...##
.###..(#### .....##
#........##
......###.##......#
.......##.#...##@†#
...)...'.......>........
..[....##.#......?######
...÷..###.##.##...#
.....## #.##......#
#...## #.#####..## ##'##
#.. ...# #.# ### #.##
#.#


There were no monsters in sight!

Vanquished Creatures
  3 adders (D:2)
  An ooze (D:2)
  A dart slug (D:1)
  8 bats
  A giant cockroach (D:1)
  2 goblins (D:1)
  5 hobgoblins
  6 jackals (D:1)
  4 kobolds
  4 frilled lizards
  4 rats (D:1)
39 creatures vanquished.

Notes
Turn   | Place    | Note
-------+----------+-------------------------------------------
     0 | D:1      | Clowwww the Demonspawn Fighter began the quest for the Orb.
     0 | D:1      | Reached XP level 1. HP: 18/18 MP: 1/1
   108 | D:1      | Gained mutation: You are partially covered in sharp spines.
                  | [demonic ancestry]
   108 | D:1      | Reached XP level 2. HP: 13/24 MP: 2/2
   727 | D:1      | Gained mutation: You are mostly covered in sharp spines.
                  | [demonic ancestry]
   727 | D:1      | Reached XP level 3. HP: 29/29 MP: 3/3
  1369 | D:2      | Gained mutation: You have a pair of small antennae on your
                  | head. [demonic ancestry]
  1369 | D:2      | Reached XP level 4. HP: 35/35 MP: 4/4
  1370 | D:2      | Quit the game

Illustrated notes

Levels and vault maps discovered:
D:1:      lordsloth_arrival_two_stooges, layout_loops_ring
D:2:      minmay_diamond_boxcup, layout_loops_corners, first_ration

Skill      XL: |  1  2  3 |
---------------+----------+-----
Shields        | 3 |  3.2
Axes           | 2 |  2.5
Armour         | 3 |  3.1
Fighting       | |  3.3
Dodging        | |  0.8

Action                   |  1- 3 |  4- 6 || total
-------------------------+-------+-------++-------
Melee: War axe           |    81 |       ||    81
  Eat: Chunk             |     2 |       ||     2
Armor: Scale mail        |    51 |       ||    51
Dodge: Dodged            |    33 |       ||    33
Block: Kite shield       |    62 |       ||    62
